 Dungeon Crawl Stone Soup version 0.31-a0-255-g9c3d1c461a (webtiles) character file.

Game seed: 3685448520130854879

139 qw the Shooter (level 5, 0/45 HPs)
             Began as a Minotaur Hexslinger on July 12, 2023.
             Slain by an orc
             ... wielding a +0 short sword
              (4 damage)
             ... on level 3 of the Dungeon.
             The game lasted 00:00:45 (2094 turns).

qw the Shooter (Minotaur Hexslinger)                Turns: 2094, Time: 00:00:46

Health: 0/45       AC:  3    Str: 13    XL:     5   Next: 1%
Magic:  5/5        EV: 12    Int: 10    God:
Gold:   220        SH:  0    Dex: 14    Spells: 5/6 levels left

rFire   . . .        Y - +1 sling
rCold   . . .        (no shield)
rNeg    . . .        d - +0 leather armour
rPois   .            (helmet restricted)
rElec   .            (no cloak)
rCorr   .            (no gloves)
SInv    .            (no boots)
Will    .....        (no amulet)
Stlth   +            (no ring)
HPRegen 0.27/turn    (no ring)
MPRegen 0.09/turn

%: no passive effects
@: no status effects
A: horns 2, retaliatory headbutt
a: no special abilities


You were on level 3 of the Dungeon.
You visited 1 branch of the dungeon, and saw 3 of its levels.

You collected 244 gold pieces.
You spent 24 gold pieces at shops.


Innate Abilities, Weirdness & Mutations

You have a pair of horns on your head.
You reflexively headbutt those who attack you in melee.


   Skills:
 - Level 3.2 Fighting
 + Level 5.0 Ranged Weapons
 - Level 2.1 Dodging
 - Level 1.0 Spellcasting
 - Level 2.0 Hexes


You had 5 spell levels left.
You knew the following spells:

 Your Spells              Type           Power      Damage    Failure   Level
a - Slow                  Hex            16%        N/A       19%         1

Your spell library contained the following spells:

 Spells                   Type           Power      Damage    Failure   Level
 Inner Flame              Hex/Fire       2%         N/A       65%         3
 Portal Projectile        Hex/Tloc       4%         N/A       65%         3
 Cause Fear               Hex            2%         N/A       88%         4

Inventory:

Hand Weapons
 Y - a +1 sling (weapon)
Armour
 d - a +0 leather armour (worn)
 f - the +0 leather armour of Puhaidin {rPois rCorr}
   (You found it on level 3 of the Dungeon)

   rPois:     It protects you from poison.
   rCorr:     It protects you from acid and corrosion.
Scrolls
 b - 2 scrolls of identify
Potions
 a - a potion of berserk rage {unknown}
 c - a potion of attraction {unknown}
 e - a potion of haste

Dungeon Overview and Level Annotations

Branches:
Dungeon (3/15)

Altars:

Shops:
D:1 [


Message History

You kill the quokka!
You shoot a sling bullet. The sling bullet hits the orc.
The orc is heavily wounded.
The orc barely misses you. The orc closely misses you.
You shoot a sling bullet. The sling bullet barely misses the orc.
The orc hits you with a +0 club.
You shoot a sling bullet.
The sling bullet closely misses the orc.
You shoot a sling bullet. The sling bullet hits the orc.
The orc is almost dead.
The orc closely misses you. The orc hits you with a +0 short sword.
You shoot a sling bullet. The sling bullet hits the orc.
You kill the orc!
The orc barely misses you.
The orc priest hits you but does no damage.
You shoot a sling bullet. The sling bullet hits the orc priest.
The orc priest is heavily wounded.
The orc misses you. The orc priest barely misses you.
You shoot a sling bullet. The sling bullet hits the orc priest!
The orc priest is almost dead.
The orc hits you but does no damage. The orc priest closely misses you.
You shoot a sling bullet.
The sling bullet closely misses the orc priest.
The orc closely misses you.
The orc priest mumbles some strange prayers to Beogh against you.
Pain shoots through your body!
You shoot a sling bullet.
The sling bullet closely misses the orc priest.
The orc misses you.
The orc priest invokes the aid of Beogh against you.
Beogh smites you!
You shoot a sling bullet. The sling bullet hits the orc priest.
You kill the orc priest!
The orc hits you but does no damage. The orc barely misses you.
Your Fighting skill increases to level 3!
You have reached level 5!
You shoot a sling bullet.
The sling bullet closely misses the orc.
The orc hits you with a +0 short sword.
You die...

###
#############.#
#o@...........#
#)###########.#
#. #.# #. #.#
### #. #.# #..
#. #.# #.. #.
#.# #.. #. #.#
#..
#########.###..


You could see an orc.

Vanquished Creatures
  A jelly (D:2)
  An orc priest (D:3)
  2 adders
  A worm (D:3)
  3 orcs (D:3)
  3 bats
  10 endoplasms
  3 giant cockroaches
  5 hobgoblins
  4 quokkas
  5 ball pythons
  A frilled lizard (D:1)
  3 goblins (D:2)
  7 kobolds
  2 rats
51 creatures vanquished.

Notes
Turn   | Place    | Note
-------+----------+-------------------------------------------
     0 | D:1      | qw the Minotaur Hexslinger began the quest for the Orb.
     0 | D:1      | Reached XP level 1. HP: 16/16 MP: 1/1
     0 | D:1      | 0 ||| qw: Version: 0.3-a-52-g30416fa
     0 | D:1      | 0 ||| qw: Game counter: 6699
     0 | D:1      | 0 ||| qw: Melee chars always use a shield: true
     0 | D:1      | 0 ||| qw: God list: Okawaru
     0 | D:1      | 0 ||| qw: Allow faded altars: false
     0 | D:1      | 0 ||| qw: Do Orc after clearing Dungeon:15 true
     0 | D:1      | 0 ||| qw: Do second Lair branch before Depths: true
     0 | D:1      | 0 ||| qw: Lair rune preference: random
     0 | D:1      | 0 ||| qw: Goals: Normal
     0 | D:1      | 0 ||| PLANNING D:1-11
   119 | D:1      | Found Atted's Armour Emporium.
   127 | D:1      | 127 ||| BUYING +0 leather armour (24 gold).
   127 | D:1      | Bought a +0 leather armour for 24 gold pieces
   127 | D:1      | 127 ||| SHOPLISTING +0 ring mail (48 gold, have 16).
   127 | D:1      | 127 ||| SHOPLISTING +2 ring mail of willpower (252 gold,
                  | have 16).
   201 | D:1      | Found a faded altar of an unknown god.
   244 | D:1      | Reached skill level 3 in Ranged Weapons
   244 | D:1      | Reached XP level 2. HP: 23/23 MP: 2/2
   722 | D:1      | 722 ||| UPGRADING to +0 leather armour.
   732 | D:1      | 732 ||| DROPPING +0 robe.
   733 | D:1      | 733 ||| READING scroll labelled PIXENK MUWIU.
   734 | D:1      | 734 ||| READING scroll labelled ACLUMI QADULIT.
   735 | D:1      | 735 ||| READING scroll labelled KEMIAXK PIAQUN.
   740 | D:1      | 740 ||| READING scroll labelled IMPOTHR PULOWOI.
   741 | D:1      | 741 ||| DROPPING scroll of poison.
   771 | D:2      | 771 ||| STAIRDANCE
   799 | D:2      | 799 ||| STAIRDANCE
   802 | D:1      | Reached XP level 3. HP: 26/29 MP: 3/3
  1038 | D:2      | Reached skill level 4 in Ranged Weapons
  1038 | D:2      | Reached XP level 4. HP: 28/36 MP: 4/4
  1400 | D:2      | Reached skill level 5 in Ranged Weapons
  1574 | D:2      | 1574 ||| DROPPING +6 ring of intelligence.
  1575 | D:2      | 1575 ||| READING 5 scrolls labelled ZINYCU MIKI.
  1576 | D:2      | 1576 ||| READING scroll labelled QAOR SYGYCUVODGH.
  1577 | D:2      | 1577 ||| READING 4 scrolls of identify.
  1577 | D:2      | 1577 ||| IDENTIFYING purple potion
  1578 | D:2      | 1578 ||| READING 3 scrolls of identify.
  1578 | D:2      | 1578 ||| IDENTIFYING bubbling clear potion
  1579 | D:2      | 1579 ||| DROPPING potion of ambrosia.
  2053 | D:3      | Identified the +0 leather armour of Puhaidin {rPois rCorr}
  2092 | D:3      | HP: 2/37 [orc priest/divine providence (10)]
  2094 | D:3      | Reached skill level 3 in Fighting
  2094 | D:3      | Reached XP level 5. HP: 3/45 MP: 5/5
  2094 | D:3      | Slain by an orc

Levels and vault maps discovered:
D:1:      lemuel_arrival_broad_hall, layout_basic,
          hellmonk_ecumenical_altar_lost_god, serial_shops, shop,
          minmay_octomino_j4
D:2:      cheibrodos_fertilizer, layout_basic, serial_forest,
          infiniplex_forest_clump_long, infiniplex_forest_clump_medium,
          infiniplex_forest_lined_3_way, infiniplex_forest_straight_3,
          infiniplex_forest_end_1, infiniplex_forest_end_1,
          infiniplex_forest_clump_medium, infiniplex_forest_clump_C,
          infiniplex_forest_lined_4_way
D:3:      layout_basic, minmay_gold_behind_fungi

Skill      XL: |  1  2  3  4 |
---------------+-------------+-----
Ranged Weapons | 3 4 5 |  5.0
Fighting       | 2 3 |  3.2
Dodging        | |  2.1
Spellcasting   | |  1.0
Hexes          | |  2.0

Action                     |  1- 3 |  4- 6 || total
---------------------------+-------+-------++-------
   Fire: Sling             |    88 |    69 ||   157
    Use: Scroll            |     4 |     4 ||     8
 Armour: Leather armour    |    10 |     6 ||    16
         Robe              |     1 |       ||     1
  Dodge: Dodged            |    40 |    30 ||    70

Table legend:
 A = Non-vault XP
 B = Vault XP
 C = Vault XP percentage of total XP
 D = Non-vault monster count
 E = Vault monster count
 F = Vault count percentage of total count
                 A         B        C        D         E       F
            +---------+---------+-------+---------+---------+-------
      Total |     127 |      72 |  36.2 |      33 |      18 |  35.3
            +---------+---------+-------+---------+---------+-------
        D:1 |      36 |       2 |   5.3 |      13 |       2 |  13.3
        D:2 |      29 |      70 |  70.7 |      11 |      16 |  59.3
        D:3 |      62 |       0 |   0.0 |       9 |       0 |   0.0
            +---------+---------+-------+---------+---------+-------
